 Dungeon Crawl Stone Soup version 0.24.0 (webtiles) character file.

Game seed: 4120563062353266694, levelgen mode: deterministic

69 Ayyar the Chopper (level 4, -2/35 HPs)
             Began as a Demonspawn Gladiator on Apr 11, 2020.
             Slain by an adder (4 damage)
             ... on level 2 of the Dungeon.
             The game lasted 00:10:01 (2035 turns).

Ayyar the Chopper (Demonspawn Gladiator)            Turns: 2035, Time: 00:10:02

Health: -2/35      AC:  5    Str: 15    XL:     4   Next: 2%
Magic:  4/4        EV: 13    Int:  9    God:
Gold:   38         SH:  0    Dex: 15    Spells: 3/3 levels left

rFire    . . .     SeeInvis .   a - +0 war axe
rCold    . . .     Gourm    .   (no shield)
rNeg     . . .     Faith    .   b - +0 leather armour
rPois    .         Spirit   .   (helmet restricted)
rElec    .         Reflect  .   (no cloak)
rCorr    .         Harm     .   (no gloves)
MR       .....                  o - +0 pair of boots
Stlth    +.........             (no amulet)
HPRegen  0.11/turn              i - ring of wizardry
MPRegen  0.09/turn              (no ring)

@: lethally poisoned (-2 -> -5)
A: horns 1, rugged brown scales 1
a: no special abilities


You were on level 2 of the Dungeon.
You were hungry.

You visited 1 branch of the dungeon, and saw 3 of its levels.

You collected 38 gold pieces.

Inventory:

Hand Weapons
 a - a +0 war axe (weapon)
Missiles
 d - 4 throwing nets
 j - 2 boomerangs
 p - 6 poisoned darts (quivered)
Armour
 b - a +0 leather armour (worn)
 o - a +0 pair of boots (worn)
Jewellery
 i - a ring of wizardry (left hand)
Scrolls
 e - a scroll of blinking {unknown}
 g - a scroll of teleportation {unknown}
 k - a scroll of magic mapping {unknown}
 m - 2 scrolls of identify
 r - a scroll of enchant armour {unknown}
 s - a scroll of amnesia {unknown}
 t - 3 scrolls of noise {unknown}
Potions
 c - a potion of ambrosia {unknown}
 h - 2 potions of brilliance
 l - a potion of lignification {unknown}
 q - a potion of haste {unknown}
Comestibles
 f - 6 rations
 n - a chunk of flesh


   Skills:
 + Level 2.5 Fighting
 * Level 3.5 Axes
 + Level 2.3 Throwing
 + Level 3.1 Dodging


You had 3 spell levels left.
You didn't know any spells.
Your spell library was empty.

Dungeon Overview and Level Annotations

Branches:
Dungeon (3/15)

Altars:
Cheibriados
Zin


Innate Abilities, Weirdness & Mutations

You have a pair of small horns on your head.
You are partially covered in rugged brown scales. (AC +1, +3% HP)


Message History

You closely miss the adder. The adder misses you. The adder bites you.
The worm bites you!
* * * LOW HITPOINT WARNING * * *
The adder closely misses you.
There is a stone staircase leading up here.
The adder barely misses you.
You climb upwards.
There is a stone staircase leading down here.
You barely miss the adder. The adder bites you.
* * * LOW HITPOINT WARNING * * *
You are poisoned.
The adder poisons you! The adder closely misses you.
You hit the adder but do no damage.
You feel sick. The adder bites you.
* * * LOW HITPOINT WARNING * * *
The adder closely misses you.
You hit the adder but do no damage. Your headbutt misses the adder.
The adder bites you.
* * * LOW HITPOINT WARNING * * *
The adder bites you.
You die...

#.#### #.# ##### #.# #.# #...#
#.# #.# #...# #.#######.###
#..## #...........# #..#♣
#..###....#.##########..#♣
#..#....................#♣
#..#.#.##S#.##########..#♣
#..#.....@.<.......# #..#.
#####..###.####.######.###..##
#......#..........# #....#####
#......#.#......#.# #....# ##
#......#.######.#.# #....# #.
#......#.......)#.# #....# #.
####...........(.#.#.# #....#
#. #................#.#.#
#....# #.
#.#####...########.#.# ##..##
#.


You could see an adder.

Vanquished Creatures
  Robin (D:2)
  A worm (D:2)
  3 dart slugs
  A leopard gecko (D:2)
  4 bats
  3 giant cockroaches
  13 goblins
  6 hobgoblins
  7 kobolds
  8 rats
47 creatures vanquished.

Notes
Turn   | Place    | Note
-------+----------+-------------------------------------------
     0 | D:1      | Ayyar the Demonspawn Gladiator began the quest for the Orb.
     0 | D:1      | Reached XP level 1. HP: 16/16 MP: 1/1
   549 | D:1      | Gained mutation: You are partially covered in rugged brown
                  | scales. (AC +1, +3% HP) [demonic ancestry]
   549 | D:1      | Reached XP level 2. HP: 16/22 MP: 2/2
  1286 | D:2      | Gained mutation: You have a pair of small horns on your
                  | head. [demonic ancestry]
  1286 | D:2      | Reached XP level 3. HP: 27/28 MP: 3/3
  1351 | D:2      | Found a glowing silver altar of Zin.
  1410 | D:2      | Noticed Robin
  1587 | D:2      | Killed Robin
  1655 | D:2      | Found a snail-covered altar of Cheibriados.
  1779 | D:2      | Reached XP level 4. HP: 34/35 MP: 4/4
  2035 | D:2      | Slain by an adder

Levels and vault maps discovered:
D:1:      scummos_arrival_star, layout_loops_corners, minmay_heptomino_h4
D:2:      layout_basic, nicolae_overflow_crystal_walls, zin_academy,
          first_ration, uniq_robin
D:3:      layout_rooms, marbit_many_paths, lemuel_round_altar
